ITL
HAVANA ROLLERS @ DETROIT X-WINGS
07/04/2028
 
TOP OF THE 1ST
Havana Rollers batting - Pitching for Detroit X-Wings : RHP Júlio Ruíz
Pitching: RHP Júlio Ruíz
Batting: RHB Jesús Villalobos 0-0: Called Strike
0-1: DOUBLE (Line Drive, 78M)
Batting: RHB Francisco Rincón 0-0: Ball
1-0: Foul Ball, location: 2F
1-1: Ball
2-1: Ball
3-1: Foul Ball, location: 2F
3-2: Base on Balls
Batting: RHB Brant Sherman 0-0: Ball
1-0: Called Strike
1-1: Ball
2-1: Ball
Wild Pitch!
Jesús Villalobos to third
Francisco Rincón to second
3-1: Base on Balls
Batting: SHB Pepe Piña 0-0: Ball
1-0: Fly out, F9 (Line Drive, 89D)
Runner from 3rd tags up, SCORES, no throw
Batting: LHB Juan Romero 0-0: Called Strike
0-1: Swinging Strike
0-2: Ball
1-2: Reached on error, E4 (Groundball, 4M)
Francisco Rincón to third
Brant Sherman to second
Batting: RHB León Rivera 0-0: Called Strike
0-1: Ball
1-1: Called Strike
1-2: Strikes out swinging
Batting: RHB Soshu Nakamura 0-0: Called Strike
0-1: Foul Ball, location: 2F
0-2: Ball
1-2: Ball
2-2: Fly out, F6 (Line Drive, 6)
Top of the 1st over - 1 run(s), 1 hit(s), 1 error(s), 3 left on base; Havana 1 - Detroit 0
BOTTOM OF THE 1ST
Detroit X-Wings batting - Pitching for Havana Rollers : RHP José Ramírez
Pitching: RHP José Ramírez
Batting: LHB Sergio Luna 0-0: Called Strike
0-1: Called Strike
0-2: Strikes out looking
Batting: RHB Jaime Contreras 0-0: Called Strike
0-1: Ball
1-1: Swinging Strike
1-2: Foul Ball, location: 2F
1-2: Ball
2-2: Ball
3-2: Strikes out swinging
Batting: RHB Robby Lewis 0-0: Called Strike
0-1: Foul Ball, location: 2F
0-2: Ball
1-2: Ball
2-2: Ball
3-2: Foul Ball, location: 2F
3-2: Foul Ball, location: 2F
3-2: Foul Ball, location: 2F
3-2: Foul Ball, location: 2F
3-2: Base on Balls
Batting: LHB Juan Jose Pineda 0-0: Ball
1-0: Swinging Strike
1-1: Swinging Strike
1-2: Strikes out looking
Bottom of the 1st over - 0 run(s), 0 hit(s), 0 error(s), 1 left on base; Havana 1 - Detroit 0
TOP OF THE 2ND
Havana Rollers batting - Pitching for Detroit X-Wings : RHP Júlio Ruíz
Batting: LHB Zhi-huan Loong 0-0: Swinging Strike
0-1: Ball
1-1: Fly out, F7 (Flyball, 78S)
Batting: LHB José Torres 0-0: Ball
1-0: Ball
2-0: Ball
3-0: Called Strike
3-1: Base on Balls
Batting: RHB Jesús Villalobos 0-0: Ball
1-0: Ball
2-0: Ball
3-0: Base on Balls
José Torres to second
Batting: RHB Francisco Rincón 0-0: Swinging Strike
0-1: Ball
1-1: Swinging Strike
1-2: DOUBLE (Flyball, 78D)
José Torres scores
Jesús Villalobos to third
Runner from 3rd tries for Home, SAFE, no throw
Batting: RHB Brant Sherman 0-0: Fly out, F2 (Popup, 23)
Batting: SHB Pepe Piña 0-0: Ground out 4-3 (Groundball, 4)
Top of the 2nd over - 2 run(s), 1 hit(s), 0 error(s), 1 left on base; Havana 3 - Detroit 0
BOTTOM OF THE 2ND
Detroit X-Wings batting - Pitching for Havana Rollers : RHP José Ramírez
Batting: RHB John Moore 0-0: Called Strike
0-1: Swinging Strike
0-2: Ball
1-2: Strikes out swinging
Batting: RHB Gary Witt 0-0: Swinging Strike
0-1: Foul Ball, location: 2F
0-2: Ball
1-2: Ball
2-2: Ball
3-2: Strikes out looking
Batting: RHB Júlio López 0-0: Ball
1-0: Ground out 4-3 (Groundball, 34)
Bottom of the 2nd over - 0 run(s), 0 hit(s), 0 error(s), 0 left on base; Havana 3 - Detroit 0
TOP OF THE 3RD
Havana Rollers batting - Pitching for Detroit X-Wings : RHP Júlio Ruíz
Batting: LHB Juan Romero 0-0: Ball
1-0: Ball
2-0: Ball
3-0: Called Strike
3-1: Ground out 3-1 (Groundball, 34)
Batting: RHB León Rivera 0-0: Swinging Strike
0-1: Fly out, F4 (Line Drive, 4)
Batting: RHB Soshu Nakamura 0-0: Ball
1-0: Ball
2-0: Ball
3-0: Base on Balls
Batting: LHB Zhi-huan Loong 0-0: Ball
Soshu Nakamura steals 2nd base
1-0: Called Strike
1-1: Ground out U3 (Groundball, 3)
Top of the 3rd over - 0 run(s), 0 hit(s), 0 error(s), 1 left on base; Havana 3 - Detroit 0
BOTTOM OF THE 3RD
Detroit X-Wings batting - Pitching for Havana Rollers : RHP José Ramírez
Batting: RHB Oliver Acevedo 0-0: Swinging Strike
0-1: Reached on error, E4 (Groundball, 4)
Batting: LHB Paul Alston 0-0: Fly out, F8 (Flyball, 8RS)
Batting: LHB Sergio Luna 0-0: Ball
1-0: Ball
2-0: Called Strike
2-1: Ball
3-1: SINGLE (Groundball, 4MD)
Oliver Acevedo to third
Runner from 3rd tries for Home, SAFE, no throw
Batting: RHB Jaime Contreras 0-0: Ball
1-0: Ball
Wild Pitch!
Sergio Luna to second
2-0: Foul Ball, location: 2F
2-1: Ball
3-1: Foul Ball, location: 2F
3-2: Strikes out looking
Batting: RHB Robby Lewis 0-0: 2-RUN HOME RUN (Flyball, 7D), Distance : 380 ft
Batting: LHB Juan Jose Pineda 0-0: Ball
1-0: Ground out U3 (Groundball, 34)
Bottom of the 3rd over - 3 run(s), 2 hit(s), 1 error(s), 0 left on base; Havana 3 - Detroit 3
TOP OF THE 4TH
Havana Rollers batting - Pitching for Detroit X-Wings : RHP Júlio Ruíz
Batting: LHB José Torres 0-0: Swinging Strike
0-1: DOUBLE (Flyball, 8RXD)
Batting: RHB Jesús Villalobos 0-0: Ball
1-0: Called Strike
1-1: Ball
2-1: Ball
3-1: Base on Balls
Batting: RHB Francisco Rincón 0-0: Fly out, F9 (Flyball, 9)
Batting: RHB Brant Sherman 0-0: Foul Ball, location: 2F
0-1: Called Strike
Throwing error on steal attempt, E2
José Torres scores
Jesús Villalobos to third
0-2: Ball
1-2: SINGLE (Groundball, 4D)
Jesús Villalobos scores
Batting: SHB Pepe Piña 0-0: Ball
1-0: Ball
2-0: Called Strike
2-1: Foul Ball, location: 2F
2-2: Ground out U3 (Groundball, 34S)
Brant Sherman to second
Batting: LHB Juan Romero 0-0: Fly out, F9 (Flyball, 89M)
Top of the 4th over - 2 run(s), 2 hit(s), 1 error(s), 1 left on base; Havana 5 - Detroit 3
BOTTOM OF THE 4TH
Detroit X-Wings batting - Pitching for Havana Rollers : RHP José Ramírez
Batting: RHB John Moore 0-0: Ball
1-0: Called Strike
1-1: Foul Ball, location: 2F
1-2: Strikes out swinging, 2-3 out at first.
Batting: RHB Gary Witt 0-0: Ball
1-0: Ball
2-0: Foul Ball, location: 2F
2-1: Swinging Strike
2-2: Strikes out looking
Batting: RHB Júlio López 0-0: Called Strike
0-1: Swinging Strike
0-2: Foul Ball, location: 2F
0-2: Strikes out looking
Bottom of the 4th over - 0 run(s), 0 hit(s), 0 error(s), 0 left on base; Havana 5 - Detroit 3
TOP OF THE 5TH
Havana Rollers batting - Pitching for Detroit X-Wings : RHP Júlio Ruíz
Batting: RHB León Rivera 0-0: Called Strike
0-1: Foul Ball, location: 2F
0-2: SINGLE (Flyball, 7S)
Batting: RHB Soshu Nakamura 0-0: Ball
1-0: Foul Ball, location: 2F
1-1: Foul Ball, location: 2F
1-2: Ball
2-2: Ball
3-2: Grounds into double play, 5-4-3 (Groundball, 5)
Batting: LHB Zhi-huan Loong 0-0: Called Strike
0-1: Ground out U3 (Groundball, 3S)
Top of the 5th over - 0 run(s), 1 hit(s), 0 error(s), 0 left on base; Havana 5 - Detroit 3
BOTTOM OF THE 5TH
Detroit X-Wings batting - Pitching for Havana Rollers : RHP José Ramírez
Batting: RHB Oliver Acevedo 0-0: Called Strike
0-1: Ground out 5-3 (Groundball, 56)
Batting: LHB Paul Alston 0-0: Ball
1-0: Called Strike
1-1: Ground out U3 (Groundball, 3)
Batting: LHB Sergio Luna 0-0: Ball
1-0: SINGLE (Groundball, 34D)
Batting: RHB Jaime Contreras 0-0: Swinging Strike
0-1: Called Strike
0-2: Ball
1-2: Strikes out looking
Bottom of the 5th over - 0 run(s), 1 hit(s), 0 error(s), 1 left on base; Havana 5 - Detroit 3
TOP OF THE 6TH
Havana Rollers batting - Pitching for Detroit X-Wings : RHP Júlio Ruíz
Batting: LHB José Torres 0-0: Called Strike
0-1: Swinging Strike
0-2: Ball
1-2: Fly out, F7 (Flyball, 78S)
Batting: RHB Jesús Villalobos 0-0: SINGLE (Groundball, 6MD)
Batting: RHB Francisco Rincón 0-0: Ball
1-0: SINGLE (Groundball, 6D)
Jesús Villalobos to second
Batting: RHB Brant Sherman 0-0: Called Strike
0-1: Ball
1-1: Foul Ball, location: 2F
1-2: SINGLE (Flyball, 9S)
Jesús Villalobos to third
Francisco Rincón to second
Runner from 3rd tries for Home, throw and OUT!
Francisco Rincón to third
Brant Sherman to second
Pitching: LHP Richard Dorris
Batting: SHB Pepe Piña 0-0: Ground out 6-3 (Groundball, 6)
Top of the 6th over - 0 run(s), 3 hit(s), 0 error(s), 2 left on base; Havana 5 - Detroit 3
BOTTOM OF THE 6TH
Detroit X-Wings batting - Pitching for Havana Rollers : RHP José Ramírez
Batting: RHB Robby Lewis 0-0: Called Strike
0-1: SINGLE (Groundball, 4MD)
Batting: LHB Juan Jose Pineda 0-0: Fielders Choice at 2nd, 4-6 (Groundball, 4)
Batting: RHB John Moore 0-0: Ball
1-0: Called Strike
Juan Jose Pineda is caught stealing 2nd base
1-1: Ball
2-1: Foul Ball, location: 2F
2-2: Ball
3-2: Foul Ball, location: 2F
3-2: Fly out, F4 (Popup, 3D)
Bottom of the 6th over - 0 run(s), 1 hit(s), 0 error(s), 0 left on base; Havana 5 - Detroit 3
TOP OF THE 7TH
Havana Rollers batting - Pitching for Detroit X-Wings : LHP Richard Dorris
Batting: LHB Juan Romero 0-0: Called Strike
0-1: Foul Ball, location: 2F
0-2: Ball
1-2: Fly out, F9 (Line Drive, 9LM)
Batting: RHB León Rivera 0-0: Ball
1-0: Foul Ball, location: 2F
1-1: Ball
2-1: Ball
3-1: Base on Balls
Batting: RHB Soshu Nakamura 0-0: Ball
1-0: DOUBLE (Line Drive, 7D)
León Rivera to third
Pinch Hitting: RHB Paul Bailey 0-0: Intentional Walk
Pinch Hitting: SHB Yasuhiro Ikarashi 0-0: Ball
1-0: Ball
2-0: Called Strike
2-1: Ball
3-1: Swinging Strike
3-2: Base on Balls
León Rivera scores
Soshu Nakamura to third
Paul Bailey to second
Batting: RHB Jesús Villalobos 0-0: Ball
1-0: Ball
2-0: Foul Ball, location: 2F
2-1: SINGLE (Groundball, 4) (infield hit)
Soshu Nakamura scores
Paul Bailey to third
Yasuhiro Ikarashi to second
Pitching: RHP Aaron Abrams
Batting: RHB Francisco Rincón 0-0: Called Strike
0-1: Ball
1-1: Foul Ball, location: 2F
1-2: Strikes out swinging
Batting: RHB Brant Sherman 0-0: Called Strike
0-1: Ball
1-1: Ball
2-1: Foul Ball, location: 2F
2-2: Strikes out swinging
Top of the 7th over - 2 run(s), 2 hit(s), 0 error(s), 3 left on base; Havana 7 - Detroit 3
BOTTOM OF THE 7TH
Detroit X-Wings batting - Pitching for Havana Rollers : RHP José Ramírez
Now at 1B: Yasuhiro Ikarashi
Now in LF: Paul Bailey
Batting: RHB Gary Witt 0-0: Swinging Strike
0-1: Ball
1-1: Ball
2-1: Foul Ball, location: 2F
2-2: Foul Ball, location: 2F
2-2: Strikes out swinging
Batting: RHB Júlio López 0-0: Ball
1-0: Ball
2-0: Called Strike
2-1: Fly out, F9 (Flyball, 9)
Batting: RHB Oliver Acevedo 0-0: Ball
1-0: Ground out 5-3 (Groundball, 56S)
Bottom of the 7th over - 0 run(s), 0 hit(s), 0 error(s), 0 left on base; Havana 7 - Detroit 3
TOP OF THE 8TH
Havana Rollers batting - Pitching for Detroit X-Wings : RHP Aaron Abrams
Batting: SHB Pepe Piña 0-0: Called Strike
0-1: Swinging Strike
0-2: Strikes out swinging
Batting: LHB Juan Romero 0-0: Ground out U3 (Groundball, 3L)
Batting: RHB León Rivera 0-0: Called Strike
0-1: Called Strike
0-2: Ball
1-2: Strikes out swinging
Top of the 8th over - 0 run(s), 0 hit(s), 0 error(s), 0 left on base; Havana 7 - Detroit 3
BOTTOM OF THE 8TH
Detroit X-Wings batting - Pitching for Havana Rollers : RHP José Ramírez
Batting: LHB Paul Alston 0-0: Swinging Strike
0-1: Foul Ball, location: 2F
0-2: Strikes out swinging
Pitching: RHP Valentín Luna
Batting: LHB Sergio Luna 0-0: Ball
1-0: Ball
2-0: Called Strike
2-1: Ball
3-1: Base on Balls
Batting: RHB Jaime Contreras 0-0: Ball
1-0: Ball
2-0: Ball
3-0: Called Strike
3-1: Called Strike
3-2: Grounds into double play, 1-4-3 (Groundball, 15)
Bottom of the 8th over - 0 run(s), 0 hit(s), 0 error(s), 0 left on base; Havana 7 - Detroit 3
TOP OF THE 9TH
Havana Rollers batting - Pitching for Detroit X-Wings : RHP Aaron Abrams
Batting: RHB Soshu Nakamura 0-0: Ball
1-0: Ball
2-0: Foul Ball, location: 2F
2-1: Ball
3-1: Swinging Strike
3-2: Strikes out swinging
Batting: RHB Paul Bailey 0-0: Ball
1-0: Ball
2-0: Foul Ball, location: 2F
2-1: SOLO HOME RUN (Flyball, 9D), Distance : 385 ft
Batting: SHB Yasuhiro Ikarashi 0-0: SOLO HOME RUN (Flyball, 8LXD), Distance : 412 ft
Batting: RHB Jesús Villalobos 0-0: Ball
1-0: Ball
2-0: SOLO HOME RUN (Flyball, 8RXD), Distance : 414 ft
Pitching: LHP Javier Duarte
Batting: RHB Francisco Rincón 0-0: Foul Ball, location: 2F
0-1: Ball
1-1: Ground out 6-3 (Groundball, 6)
Batting: RHB Brant Sherman 0-0: Swinging Strike
0-1: Swinging Strike
0-2: SINGLE (Flyball, 9LS)
Batting: SHB Pepe Piña 0-0: Foul Ball, location: 2F
0-1: Ball
1-1: Called Strike
1-2: Foul Ball, location: 2F
1-2: Ball
Brant Sherman is caught stealing 2nd base
Top of the 9th over - 3 run(s), 4 hit(s), 0 error(s), 0 left on base; Havana 10 - Detroit 3
BOTTOM OF THE 9TH
Detroit X-Wings batting - Pitching for Havana Rollers : RHP Valentín Luna
Batting: RHB Robby Lewis 0-0: Ball
1-0: Foul Ball, location: 2F
1-1: Ground out 1-3 (Groundball, 15S)
Batting: LHB Juan Jose Pineda 0-0: Ball
1-0: Called Strike
1-1: Called Strike
1-2: Strikes out swinging
Batting: RHB John Moore 0-0: Called Strike
0-1: Ground out 4-3 (Groundball, 4M)
Bottom of the 9th over - 0 run(s), 0 hit(s), 0 error(s), 0 left on base; Havana 10 - Detroit 3
Tuesday, August 8th, 2017 - OOTP Baseball 17.12 Build 75